 BcadrenCrawl: Boulder Brew version 0.05.4-47-g4e6e437 (webtiles) character file.

Game seed: 8804811444728491320, levelgen mode: deterministic

167 Toastz the Firebug (level 5, -1/28 HPs) Molten Gargoyle Fire Elementalist. Began on Apr 7, 2022. Slain by a sewer rat (3 damage) ... on level 2 of the Dungeon. The game lasted 00:13:34 (1304 turns).

Toastz the Firebug (MGFE)                           Turns: 1304, Time: 00:13:36

Health: -1/28      AC:  4    Str:  5    XL:     5 ^: 141
Magic:  2/10       EV: 11    Int: 17    God:
Gold:   56         SH:  3    Dex: 16    Spells: 5/11 levels left

rFire    + + +     Vision   .   b - +0 nunchaku
rCold    x x .     Gourm    .   (no weapon)
rNeg     + . .     Faith    .   a - +0 robe
rCorr    . . .     Spirit   .   (no helmet)
rPois    ∞         Reflect  .   (no cloak)
rElec    +         Harm     .   (no gloves)
MR       .....                  (no boots)
Stlth    +.........             (no amulet)
HPRegen  0.19/turn              (no ring)
MPRegen  0.20/turn              (no ring)

@: very slow
A: torment immune, lava walking, breathe magma 1, fire resistance 3, negative
energy resistance 1, electricity resistance, unbreathing, petrification
resistance, cold vulnerability 2, rot immunity, core melding 2
a: Breathe Magma


You were on level 2 of the Dungeon.
You were not hungry.

You visited 1 branch of the dungeon, and saw 2 of its levels.

You collected 56 gold pieces.

Inventory:

Weapons
 g - a +0 dagger
 h - a +0 whip Shields
 b - a +0 nunchaku (weapon)
Armour
 a - a +0 robe (worn)
 e - a cursed +0 ring mail {(Curse: *Tele)}
Scrolls
 k - a scroll of magic mapping
Potions
 f - a potion of agility
 i - a potion of resistance
Comestibles
 c - a ration
 j - 2 chunks of flesh


   Skills:
 + Level 2.8 Fighting
 - Level 2.2 Dodging
 - Level 1.5 Stealth
 + Level 3.6 Spellcasting
 + Level 5.6 Fire Magic


You had 5 spell levels left.
You knew the following spells:

 Your Spells              Type           Power        Failure   Level  Hunger
a - Foxfire               Fire           22 (25)      4%          1    0
b - Searing Ray Fire 22 (50) 6% 2 18-58 c - Conjure Flame Fire           22 (100)     13%         3    58-118

Your spell library contained the following spells:

 Spells                   Type           Power        Failure   Level  Hunger
 Inner Flame Hex/Fire 12 (100) 38% 3 58-118 Fireball Fire 22 (200) 75% 5 258-418 Sticky Flame Fire/Pois      12 (100)     80%         4    138-238


Dungeon Overview and Level Annotations

Branches:
Dungeon (2/8)

Altars:


Innate Abilities, Weirdness & Mutations

You are resistant to torment.
You are not damaged by walking on lava.
You are immune to poison.
You can breathe lava.
You are almost immune to the effects of heat. (rF+++)
You resist negative energy. (rN+)
You are resistant to electric shocks. (rElec)
You can survive without breathing.
You are immune to petrification.
You are very vulnerable to cold. (rC--)
You are immune to rotting.
The molten core of your body molds to fit into any body armour perfectly. (2x Base AC and No Encumberance from Armour).


Message History

You conjure some foxfire!
The sewer rat bites you (4).
The sewer rat bites you but does no damage.
The sewer rat bites you (2).
* * * LOW HITPOINT WARNING * * *
You barely miss the sewer rat. You hit the sewer rat but do no damage.
The sewer rat is almost dead. (2/11) HP The foxfire hits the sewer rat (5).
The sewer rat is heavily wounded. (6/11) HP The foxfire hits the sewer rat (2).
The sewer rat is severely wounded. (4/10) HP You block the sewer rat's attack.
The sewer rat barely misses you (0).
The sewer rat bites you but does no damage.
The sewer rat barely misses you (0).
You hit the sewer rat (1). You hit the sewer rat but do no damage.
The sewer rat is almost dead. (1/11) HP The sewer rat bites you (5).
* * * LOW HITPOINT WARNING * * *
The sewer rat closely misses you (0). You block the sewer rat's attack. x2
The sewer rat bites you (3).
You die...

...≈≈≈≈.##### #...########
≈..;≈...#≈≈.###.≈≈.≈###
.#..†.≈...÷..#.≈##≈..≈#
...≈≈≈≈....#≈.#≈≈###..###
.#.≈≈≈≈.#..#.≈##≈≈##...≈##
#.≈≈≈≈.#≈##..≈#≈.###...<#
#..≈≈.≈#####.≈...≈P###≈.≈
##.≈≈≈≈>##≈≈###.##.#P #..≈
...≈≈≈P<#@r..≈### ## ####≈
.#.≈≈PP≈.rr...≈≈##≈#≈≈##≈.
#..P≈≈P#.....###.....≈##.
#≈P.PP.#PP.≈.#......≈. #.
#≈P≈PP..###.....#..##P #.
≈≈;≈≈≈P..}†.%.!....≈≈≈≈≈≈
≈≈P≈≈≈≈PP.≈%≈≈≈≈≈.≈≈≈≈≈≈≈
≈ ≈≈≈≈P≈......≈...≈≈≈≈≈≈≈
≈≈≈≈...≈≈.≈...≈...≈≈...


You could see 3 sewer rats and a neutral slimehead (wandering) (passive).

Vanquished Creatures
  2 jellies (D:2)
  2 giant cockroaches
  2 sewer rats (D:2)
  3 cinder newts
  An ooze (D:2)
  2 dart slugs (D:1)
  A leopard gecko (D:2)
  A ball python (D:2)
  7 goblins (D:1)
  A hobgoblin (D:1)
  5 kobolds (D:1)
  8 bats
  A hobgoblin skeleton (D:2)
  6 rats (D:1)
42 creatures vanquished.

Vanquished Creatures (others)
  100 foxfires
  25 withered plants (D:2)
125 creatures vanquished.

Grand Total: 167 creatures vanquished

Notes
Turn   | Place    | Note
-------+----------+-------------------------------------------
     0 | D:1      | Toastz the Molten Gargoyle Fire Elementalist began the
                  | quest for the Orb.
     0 | D:1      | Reached XP level 1. HP: 9/9 MP: 3/3
     3 | D:1      | Learned a level 2 spell: Searing Ray
   133 | D:1      | Reached XP level 2. HP: 12/14 MP: 0/5
   172 | D:1      | Reached skill level 1 in Fighting
   184 | D:1      | Reached XP level 3. HP: 18/18 MP: 0/7
   757 | D:1      | Learned a level 3 spell: Conjure Flame
  1169 | D:2      | Reached skill level 5 in Fire Magic
  1196 | D:2      | Reached XP level 4. HP: 23/23 MP: 8/8
  1256 | D:2      | Reached XP level 5. HP: 27/27 MP: 5/10
  1304 | D:2      | Slain by a sewer rat

Levels and vault maps discovered:
D:1:      dpeg_arrival_three_same_balls, layout_basic, serial_bayou_pond_d,
          hangedman_decor_diamond_cutter, minmay_hedge_maze
D:2:      layout_sewer, chequers_ecumenical_altar_simple_redux,
          nicolae_ashenzari_panopticon

Skill      XL: |  1  2  3 |
---------------+----------+-----
Fighting       | 1 2 |  2.8
Spellcasting   | 3 |  3.6
Fire Magic     | 5 |  5.6
Dodging        | |  2.2
Stealth        | |  1.5

Action                   |  1- 3 |  4- 6 || total
-------------------------+-------+-------++-------
Melee: Unarmed           |    36 |     9 ||    45
       Dagger            |    17 |       ||    17
       Nunchaku          |     9 |    11 ||    20
       Whip              |     1 |       ||     1
Throw: Skull             |     3 |       ||     3
       Stone             |     4 |       ||     4
       Rusty metal       |     2 |       ||     2
 Cast: Foxfire           |    44 |    21 ||    65
       Searing Ray       |     1 |     1 ||     2
  Use: Scroll            |     1 |       ||     1
       Potion            |       |     2 ||     2
 Stab: Sleeping          |     1 |     1 ||     2
  Eat: Chunk             |     1 |     1 ||     2
Armor: Robe              |    16 |     8 ||    24
Dodge: Dodged            |    10 |     6 ||    16
Block: Nunchaku          |       |    12 ||    12
